Map: Lerilak Crest

Players

GilTzOkO

  • Race: Terran Terran
  • League: Master

xKawaiian - Winner!

  • Race: Terran Terran
  • League: Master

VOD

Have the link to the VOD?

Description

Time

  • Played on: Jan. 12, 2016, 8:45 p.m.
  • Length: 4:36
Show
View Real Time Build Order
Export as new Build Order

GilTzOkO Terran 

Build Orders:  

Get SALT Encoding   

  12  0:01  SCV  
  13  0:13  SCV  
  14  0:17  Supply Depot  
  14  0:25  SCV  
  15  0:38  Refinery  
  15  0:39  SCV  
  16  0:44  Barracks  
  16  0:51  SCV  
  17  1:03  SCV  
  18  1:15  SCV  
  19  1:27  SCV  
  20  1:33  Reaper  
  20  1:39  Orbital Command  
  21  1:50  Supply Depot  
  20  2:05  Reaper  
  20  2:06  SCV  
  22  2:10  Command Center  
  22  2:19  SCV  
  22  2:21  Factory  
  23  2:31  SCV, Refinery  
  23  2:33  Supply Depot  
  24  2:43  SCV  
  25  2:47  Barracks Reactor  
  25  2:55  SCV  
  26  3:07  SCV  
  26  3:08  Hellion  
  26  3:10  Starport  
  26  3:12  Supply Depot  
  29  3:19  SCV  
  28  3:24  Orbital Command  
  28  3:25  Marine x2  
  30  3:29  Hellion  
  30  3:31  SCV  
  33  3:43  Marine  
  33  3:47  Medivac  
  37  3:49  Marine  
  37  3:51  Hellion  
  37  3:52  SCV x2  
  41  4:03  Supply Depot x2  
  41  4:07  SCV  
  42  4:12  Hellion  
Show
View Real Time Build Order
Export as new Build Order

xKawaiian Terran - Winner!

Build Orders: 1/1/1, Cyclone Opening 

Get SALT Encoding   

  12  0:01  SCV  
  13  0:13  SCV  
  14  0:17  Supply Depot  
  14  0:25  SCV  
  15  0:39  SCV  
  15  0:40  Barracks  
  16  0:47  Refinery  
  16  0:51  SCV  
  16  0:53  Refinery  
  17  1:03  SCV  
  18  1:15  SCV  
  19  1:27  Marine, Orbital Command  
  20  1:36  Factory  
  20  1:47  Marine  
  20  1:48  Supply Depot  
  21  1:55  SCV  
  22  2:05  Marine  
  23  2:09  SCV  
  24  2:20  Factory Tech Lab  
  24  2:22  SCV, Starport  
  25  2:25  Marine  
  26  2:31  Supply Depot  
  26  2:34  SCV  
  27  2:41  Cyclone  
  30  2:46  Marine  
  31  2:53  SCV  
  31  2:58  Medivac  
  34  3:03  Supply Depot, Marine  
  35  3:09  SCV  
  36  3:13  Siege Tank  
  36  3:16  Liberator  
  39  3:24  SCV, Marine  
  39  3:26  Supply Depot  
  44  3:42  Marine  
  45  3:58  Command Center  
  45  3:59  SCV  
  45  4:00  Marine  
  50  4:17  Marine  
Tags
 
Add a new tag
Caveats
  • Supply blocks, unpowered buildings, or Contaminate may cause inaccurate times.
  • Supply counts are checked every 10 seconds.